 Dungeon Crawl Stone Soup version 0.25.1-2-g60ff931df9 (webtiles) character file.

Game seed: 7916065057287780302

263 TheFalseGod1234 the Magician (level 6, 0/44 HPs)
             Began as a Gnoll Wizard on Nov 14, 2020.
             Slain by a worker ant (4 damage)
             ... on level 4 of the Dungeon.
             The game lasted 00:08:08 (4839 turns).

TheFalseGod1234 the Magician (Gnoll Wizard)         Turns: 4839, Time: 00:08:09

Health: 0/44       AC:  3    Str:  9    XL:     6   Next: 19%
Magic:  0/16       EV: 15    Int: 22    God:
Gold:   85         SH:  0    Dex: 14    Spells: 8/19 levels left

rFire    x . .     SeeInvis .   t - +0 war axe of the Shouting Salmon {vorpal, Stlth+}
rCold    + . .     Gourm    .   (no shield)
rNeg     . . .     Faith    .   a - +0 robe
rPois    .         Spirit   .   b - +0 hat
rElec    .         Reflect  .   s - +0 cloak
rCorr    .         Harm     .   (no gloves)
MR       .....                  (no boots)
Stlth    ++++......             (no amulet)
HPRegen  0.14/turn              r - ring of ice
MPRegen  0.15/turn              (no ring)

@: lethally poisoned (0 -> -8), very slightly contaminated
A: distributed training, fangs 1, strong nose
a: no special abilities


You were on level 4 of the Dungeon.
You were not hungry.

You visited 1 branch of the dungeon, and saw 4 of its levels.

You collected 85 gold pieces.

Inventory:

Hand Weapons
 t - the +0 war axe of the Shouting Salmon (weapon) {vorpal, Stlth+}
   (You found it on level 4 of the Dungeon)

   It inflicts extra damage upon your enemies.
   It makes you more stealthy.
Armour
 a - a +0 robe (worn)
 b - a +0 hat (worn)
 s - a +0 cloak (worn)
Jewellery
 r - a ring of ice (left hand)
Scrolls
 c - 3 scrolls of enchant weapon
 e - 6 scrolls of identify
 g - a scroll of enchant armour {unknown}
 i - a scroll of blinking {unknown}
 n - a scroll of amnesia {unknown}
 o - a scroll of teleportation {unknown}
 q - 3 scrolls of remove curse
Potions
 j - a potion of heal wounds {unknown}
 k - 2 potions of curing {unknown}
 l - a potion of degeneration {unknown}
 m - 2 potions of flight {unknown}
Comestibles
 d - 7 rations
 f - 2 chunks of flesh


   Skills:
 + Level 1.8 Fighting
 + Level 1.8 Short Blades
 + Level 1.8 Long Blades
 + Level 1.8 Axes
 + Level 1.8 Maces & Flails
 + Level 1.8 Polearms
 + Level 1.8 Staves
 + Level 1.8 Slings
 + Level 1.8 Bows
 + Level 1.8 Crossbows
 + Level 1.8 Throwing
 + Level 1.8 Armour
 + Level 4.9 Dodging
 + Level 4.5 Stealth
 + Level 1.8 Shields
 + Level 1.8 Unarmed Combat
 + Level 7.4 Spellcasting
 + Level 2.5 Conjurations
 + Level 1.4 Hexes
 + Level 1.4 Charms
 + Level 2.5 Summonings
 + Level 1.4 Necromancy
 + Level 2.5 Translocations
 + Level 1.4 Transmutations
 + Level 1.4 Fire Magic
 + Level 1.4 Ice Magic
 + Level 1.4 Air Magic
 + Level 1.4 Earth Magic
 + Level 1.4 Poison Magic
 + Level 2.0 Invocations
 + Level 1.8 Evocations


You had 8 spell levels left.
You knew the following spells:

 Your Spells              Type           Power        Failure   Level  Hunger
a - Magic Dart            Conj           ###.         2%          1    None
b - Blink                 Tloc           N/A          4%          2    None
c - Call Imp              Summ           ###.....     4%          2    None
d - Conjure Flame         Conj/Fire      ###.....     11%         3    None
e - Mephitic Cloud        Conj/Pois/Air  ###.....     11%         3    None

Your spell library contained the following spells:

 Spells                   Type           Power        Failure   Level  Hunger
 Slow                     Hex            ##......     7%          2    None


Dungeon Overview and Level Annotations

Branches:
Dungeon (4/15)
 Temple: D:4-7

Altars:
Elyvilon
Gozag
Makhleb
Zin


Innate Abilities, Weirdness & Mutations

Your experience applies equally to all skills.
You have very sharp teeth.
Your uncanny sense of smell can sniff out nearby items.


Message History

The worker ant bites you but does no damage.
The worker ant bites you.
* * * LOW HITPOINT WARNING * * *
You are lethally poisoned!
The worker ant poisons you!
You hit the worker ant but do no damage.
The worker ant is almost dead.
* * * LOW HITPOINT WARNING * * *
You feel sick. The worker ant closely misses you.
Casting: Magic Dart (safe; 2% risk of failure)
Confirm with . or Enter, or press ? or * to list all spells.
Aiming: Magic Dart (safe; 2% risk of failure)
Press: ? - help, Shift-Dir - straight line, f/p - worker ant
Aim: a worker ant (almost dead)
You miscast Magic Dart.
You are very lightly contaminated with residual magic.
Nothing appears to happen.
* * * LOW HITPOINT WARNING * * *
You feel sick. The worker ant bites you.
You die...

######.#÷.#
#..#.####.#
#.#.....#.#
#.####.#..#
#..#.######
#.#.....#.#
######.#..#
####.# #@#∆
#a# #)# #.#
#.# #.# #.#
#.# #.#


You could see a worker ant.

Vanquished Creatures
  A worker ant (D:3)
  3 gnolls (D:4)
  9 adders
  2 oozes (D:1)
  An adder skeleton (D:4)
  2 worms
  6 dart slugs
  2 leopard geckos
  6 orcs
  8 bats
  3 giant cockroaches
  10 goblins
  6 hobgoblins
  8 jackals
  10 kobolds
  A quokka (D:4)
  3 ball pythons
  14 frilled lizards
  7 rats
102 creatures vanquished.

Notes
Turn   | Place    | Note
-------+----------+-------------------------------------------
     0 | D:1      | TheFalseGod1234 the Gnoll Wizard began the quest for the
                  | Orb.
     0 | D:1      | Reached XP level 1. HP: 13/13 MP: 8/8
   205 | D:1      | Reached XP level 2. HP: 19/19 MP: 7/10
   903 | D:1      | Reached XP level 3. HP: 17/25 MP: 4/11
  1262 | D:1      | Reached skill level 1 in Invocations
  1533 | D:2      | Reached skill level 1 in Fighting
  1533 | D:2      | Reached skill level 1 in Short Blades
  1533 | D:2      | Reached skill level 1 in Long Blades
  1533 | D:2      | Reached skill level 1 in Axes
  1533 | D:2      | Reached skill level 1 in Maces & Flails
  1533 | D:2      | Reached skill level 1 in Polearms
  1533 | D:2      | Reached skill level 1 in Staves
  1533 | D:2      | Reached skill level 1 in Slings
  1533 | D:2      | Reached skill level 1 in Bows
  1533 | D:2      | Reached skill level 1 in Crossbows
  1533 | D:2      | Reached skill level 1 in Throwing
  1533 | D:2      | Reached skill level 1 in Armour
  1533 | D:2      | Reached skill level 1 in Shields
  1533 | D:2      | Reached skill level 1 in Unarmed Combat
  1533 | D:2      | Reached skill level 1 in Evocations
  1702 | D:2      | Found a faded altar of an unknown god.
  1711 | D:2      | Reached XP level 4. HP: 32/32 MP: 8/13
  1905 | D:2      | Learned a level 2 spell: Blink
  1908 | D:2      | Learned a level 2 spell: Call Imp
  1912 | D:2      | Learned a level 3 spell: Conjure Flame
  1916 | D:2      | Learned a level 3 spell: Mephitic Cloud
  2251 | D:2      | Reached skill level 1 in Hexes
  2251 | D:2      | Reached skill level 1 in Charms
  2251 | D:2      | Reached skill level 1 in Necromancy
  2251 | D:2      | Reached skill level 1 in Transmutations
  2251 | D:2      | Reached skill level 1 in Fire Magic
  2251 | D:2      | Reached skill level 1 in Ice Magic
  2251 | D:2      | Reached skill level 1 in Air Magic
  2251 | D:2      | Reached skill level 1 in Earth Magic
  2251 | D:2      | Reached skill level 1 in Poison Magic
  2278 | D:2      | Found an opulent altar of Gozag.
  2411 | D:2      | Found a burning altar of Makhleb.
  2413 | D:2      | Found a glowing silver altar of Zin.
  2434 | D:2      | Noticed an angel
  2435 | D:2      | Noticed a balrug
  2886 | D:3      | Reached XP level 5. HP: 37/37 MP: 4/14
  4050 | D:3      | Found a white marble altar of Elyvilon.
  4530 | D:4      | Got a crystal war axe
  4531 | D:4      | Identified the cursed +0 war axe of the Shouting Salmon
                  | {vorpal, Stlth+} (You found it on level 4 of the Dungeon)
  4566 | D:4      | Reached XP level 6. HP: 44/44 MP: 12/16
  4839 | D:4      | Slain by a worker ant

Illustrated notes

Levels and vault maps discovered:
D:1:      erik_arrival_orb_chamber, layout_loops_corners, minmay_lizard_pond
D:2:      layout_loops_ring, grunt_temple_overflow_order_and_chaos_2,
          old_standard_altar, chequers_ecumenical_altar_simple
D:3:      minmay_spotlight, layout_basic, elyvilon_altar_5, first_ration,
          minmay_strange_pillars
D:4:      minmay_angry_zag, layout_gridville, kennysheep_mini_moat

Skill      XL: |  1  2  3  4  5  6 |
---------------+-------------------+-----
Conjurations   | 2 |  2.5
Summonings     | 2 |  2.5
Translocations | 2 |  2.5
Invocations    | 1 2 |  2.0
Fighting       | 1 |  1.8
Short Blades   | 1 |  1.8
Long Blades    | 1 |  1.8
Axes           | 1 |  1.8
Maces & Flails | 1 |  1.8
Polearms       | 1 |  1.8
Staves         | 1 |  1.8
Slings         | 1 |  1.8
Bows           | 1 |  1.8
Crossbows      | 1 |  1.8
Throwing       | 1 |  1.8
Armour         | 1 |  1.8
Shields        | 1 |  1.8
Unarmed Combat | 1 |  1.8
Evocations     | 1 |  1.8
Hexes          | 1 |  1.4
Charms         | 1 |  1.4
Necromancy     | 1 |  1.4
Transmutations | 1 |  1.4
Fire Magic     | 1 |  1.4
Ice Magic      | 1 |  1.4
Air Magic      | 1 |  1.4
Earth Magic    | 1 |  1.4
Poison Magic   | 1 |  1.4
Dodging        | |  4.9
Stealth        | |  4.5
Spellcasting   | |  7.4

Action                   |  1- 3 |  4- 6 || total
-------------------------+-------+-------++-------
Melee: War axe           |       |     9 ||     9
 Cast: Magic Dart        |    63 |   205 ||   268
       Mephitic Cloud    |       |     1 ||     1
       Call Imp          |       |     1 ||     1
  Use: Scroll            |       |     3 ||     3
  Eat: Chunk             |     2 |    10 ||    12
Armor: Robe              |     1 |     9 ||    10
Dodge: Dodged            |    18 |    26 ||    44
